 Dungeon Crawl Stone Soup version 0.24-a0-525-g9231cdcba1 (webtiles) character file.

Game seed: 551422360273629981

20 Gynju the Magician (level 2, 0/20 HPs)
             Began as a Demonspawn Wizard on Aug 2, 2019.
             Slain by an adder (2 damage)
             ... on level 2 of the Dungeon.
             The game lasted 00:01:16 (1135 turns).

Gynju the Magician (Demonspawn Wizard)              Turns: 1135, Time: 00:01:16

Health: 0/20       AC:  2    Str:  7    XL:     2   Next: 58%
Magic:  1/6        EV: 12    Int: 19    God:
Gold:   37         SH:  0    Dex: 11    Spells: 6/7 levels left

rFire    . . .     SeeInvis .   f - +0 whip
rCold    . . .     Gourm    .   (no shield)
rNeg     . . .     Faith    .   a - +0 robe
rPois    .         Spirit   .   b - +0 hat
rElec    .         Reflect  .   (no cloak)
rCorr    .         Harm     .   (no gloves)
MR       .....                  (no boots)
Stlth    ++........             (no amulet)
HPRegen  0.06/turn              (no ring)
MPRegen  0.10/turn              (no ring)

@: lethally poisoned (0 -> -5)
A: horns 1
a: no special abilities


You were on level 2 of the Dungeon.
You were hungry.

You visited 1 branch of the dungeon, and saw 2 of its levels.

You collected 37 gold pieces.

Inventory:

Hand Weapons
 f - a +0 whip (weapon)
Missiles
 c - 26 stones (quivered)
Armour
 a - a +0 robe (worn)
 b - a +0 hat (worn)
Jewellery
 e - a +4 ring of evasion {unknown}
 j - an uncursed ring of see invisible {unknown}
Scrolls
 h - 2 scrolls of identify {unknown}
 k - a scroll of fog {unknown}
 l - a scroll of teleportation {unknown}
 m - a scroll of remove curse {unknown}
Potions
 g - a potion of curing {unknown}
 i - 2 potions of degeneration {unknown}
 o - a potion of ambrosia {unknown}
Comestibles
 d - 3 rations
 n - a chunk of flesh


   Skills:
 + Level 0.6 Fighting
 + Level 0.4 Maces & Flails
 + Level 1.9 Dodging
 - Level 1.7 Stealth
 * Level 3.2 Spellcasting
 * Level 1.6 Conjurations
   Level 1.0 Summonings
   Level 0.8 Translocations


You had 6 spell levels left.
You knew the following spells:

 Your Spells              Type           Power        Failure   Level  Hunger
a - Magic Dart            Conj           #...         8%          1    None

Your spell library contained the following spells:

 Spells                   Type           Power        Failure   Level  Hunger
 Blink                    Tloc           N/A          16%         2    ##.....
 Call Imp                 Summ           #.......     16%         2    ##.....
 Slow                     Hex            #.......     22%         2    ##.....
 Conjure Flame            Conj/Fire      #.......     32%         3    ###....
 Mephitic Cloud           Conj/Pois/Air  #.......     34%         3    ###....


Dungeon Overview and Level Annotations

Branches:
Dungeon (2/15)

Altars:


Innate Abilities, Weirdness & Mutations

You have a pair of small horns on your head.


Message History

You feel sick. The adder bites you but does no damage.
The adder closely misses you.
You barely miss the adder.
The adder is heavily wounded.
The adder closely misses you.
You closely miss the adder.
The adder is heavily wounded.
You feel sick. The adder closely misses you. The adder bites you.
You miss the adder.
The adder is heavily wounded.
The adder bites you.
* * * LOW HITPOINT WARNING * * *
You barely miss the adder.
The adder is heavily wounded.
The adder bites you but does no damage.
You hit the adder.
The adder is severely wounded.
* * * LOW HITPOINT WARNING * * *
You feel sick. The adder closely misses you. The adder bites you.
You die...

#.....
.....
....# ...
.>. #.#
#S#
###@##.#
#.รท....#
#.#.####
#.#.#
#<#.#
#.#.#
#.#..
#.#..
#....


You could see an adder.

Vanquished Creatures
  3 leopard geckos
  3 bats (D:1)
  4 goblins (D:1)
  2 hobgoblins (D:1)
  2 frilled lizards (D:1)
  A rat (D:2)
15 creatures vanquished.

Notes
Turn   | Place    | Note
-------+----------+-------------------------------------------
     0 | D:1      | Gynju the Demonspawn Wizard began the quest for the Orb.
     0 | D:1      | Reached XP level 1. HP: 13/13 MP: 4/4
   216 | D:1      | Gained mutation: You have a pair of small horns on your
                  | head. [demonic ancestry]
   216 | D:1      | Reached XP level 2. HP: 20/20 MP: 0/6
  1135 | D:2      | Slain by an adder

Levels and vault maps discovered:
D:1:      dpeg_arrival_boxes_within_box, layout_basic,
          chequers_serial_rivers_micro_b, grunt_decor_mini_mirrors,
          minmay_tromino_i4
D:2:      layout_basic, first_ration, eino_tiny_chamber, uniq_robin

Action                   || total
-------------------------++-------
Melee: Whip              ||    13
 Cast: Magic Dart        ||    41
Armor: Robe              ||     6
Dodge: Dodged            ||    17

Table legend:
 A = Non-vault XP
 B = Vault XP
 C = Vault XP percentage of total XP
 D = Non-vault monster count
 E = Vault monster count
 F = Vault count percentage of total count
                 A         B        C        D         E       F
            +---------+---------+-------+---------+---------+-------
      Total |      22 |       7 |  24.1 |      12 |       3 |  20.0
            +---------+---------+-------+---------+---------+-------
        D:1 |      18 |       7 |  28.0 |      10 |       3 |  23.1
        D:2 |       4 |       0 |   0.0 |       2 |       0 |   0.0
            +---------+---------+-------+---------+---------+-------
